[Event "S. A. Group BAN-chT 2018"]
[Site "Dhaka"]
[Date "2018.12.15"]
[Round "10"]
[White "Abu Sufian, Shakil"]
[Black "Chowdhury, Sohel"]
[Result "1-0"]
[ECO "B19"]
[WhiteElo "2230"]
[BlackElo "2012"]
[Annotator "NA"]
[PlyCount "69"]
[EventDate "2018.12.07"]
[EventType "team-tourn"]
[EventCountry "BAN"]
[SourceTitle "playchess.com"]
[Source "ChessBase"]
[SourceQuality "1"]
[TimeControl "5400+30"]

1. e4 c6 2. d4 d5 3. Nc3 dxe4 4. Nxe4 Bf5 5. Ng3 Bg6 6. h4 h6 7. Nf3 Nd7 8. h5 Bh7 9. Bd3 Bxd3 10. Qxd3 e6 11. Bd2 Ngf6 12. O-O-O Be7 13. Kb1 O-O 14. Ne4 Nxe4 {[%emt 0:00:22] B19: Classical Caro-Kann: 4...Bf5 main line} (14... c5 15. g4 Nxg4 16. Qe2 Qb6 17. Ne5 Ndxe5 18. dxe5 f5 19. exf6 Nxf6 20. Nc3 Rad8 21. Rhg1 Kh8 22. Rg6 {½-½ (38) Saric,I (2662)-Nisipeanu,L (2672) Heraklio 2017}) 15. Qxe4 Nf6 16. Qe2 Qd5 17. Be3 b5 {[%emt 0:11:42] LiveBook: 16 Games} 18. Ne5 a5 19. f3 a4 20. g4 a3 21. b3 Qd6 22. Qd3 $146 ({Predecessor:} 22. f4) 22... Nd5 23. f4 f6 24. Ng6 Rfe8 25. Bd2 c5 26. g5 c4 27. Qh3 cxb3 28. cxb3 b4 29. gxh6 f5 $2 (29... gxh6 30. f5 Bf8 31. Nxf8 Kxf8) 30. h7+ Kxh7 31. h6 Nf6 32. Rdg1 Ng4 33. hxg7+ Kxg7 34. Qh7+ $18 Kf6 35. Ne5 1-0

[Event "S. A. Group BAN-chT 2018"]
[Site "Dhaka"]
[Date "2018.12.15"]
[Round "10"]
[White "Mohammed Abdul, Malek"]
[Black "Patil, Pratik"]
[Result "0-1"]
[ECO "D00"]
[WhiteElo "2208"]
[BlackElo "2178"]
[Annotator "NA"]
[PlyCount "78"]
[EventDate "2018.12.07"]
[EventType "team-tourn"]
[EventCountry "BAN"]
[SourceTitle "playchess.com"]
[Source "ChessBase"]
[SourceQuality "1"]
[TimeControl "5400+30"]

1. d4 Nf6 2. Nf3 g6 3. Nc3 d5 4. Bf4 Bg7 5. e3 O-O 6. h3 {[%emt 0:00:41] LiveBook: 61 Games} c5 7. Qd2 {[%emt 0:00:38] D00: 1 d4 d5: Unusual lines} (7. Be2 Nc6 8. O-O Bf5 9. Ne5 Rc8 10. Nxc6 Rxc6 11. Be5 a6 12. Bf3 cxd4 13. exd4 e6 14. Re1 g5 15. Qd2 {0-1 (44) Ni,H (2671)-Saric,I (2669) Riadh 2017}) 7... Nc6 8. dxc5 Ne4 9. Nxe4 dxe4 10. Nd4 $146 ({Predecessor:} 10. Ng5 Bxb2 11. Rb1 Qxd2+ 12. Kxd2 Rd8+ 13. Ke2 {1-0 (34) Van Eetvelde,W (2102)-Boogaard,S Maastricht 2015}) 10... Nxd4 11. exd4 Qxd4 12. Qxd4 Bxd4 13. O-O-O Bxf2 14. Bh6 Be6 15. Bxf8 Kxf8 16. Be2 Bxc5 17. a3 f5 18. Rhf1 Kg7 19. Kb1 Kf6 20. c4 Ke5 21. Kc2 Bd4 22. Kb1 Be3 23. Kc2 Rc8 24. Kc3 b5 25. b3 a5 26. a4 $2 (26. Rfe1 {was called for.}) 26... Bd4+ 27. Kd2 e3+ 28. Kc2 bxc4 29. bxc4 Bxc4 30. Bxc4 Rxc4+ 31. Kd3 Rxa4 32. g3 g5 33. Rb1 Ra3+ 34. Ke2 Ke4 35. Rbc1 Ra2+ 36. Ke1 f4 37. gxf4 gxf4 38. h4 f3 39. h5 Bc3+ 0-1

[Event "S. A. Group BAN-chT 2018"]
[Site "Dhaka"]
[Date "2018.12.15"]
[Round "10"]
[White "Hasan, Eunus"]
[Black "Subhayan Kundu"]
[Result "0-1"]
[ECO "C03"]
[WhiteElo "2154"]
[BlackElo "2185"]
[Annotator "NA"]
[PlyCount "66"]
[EventDate "2018.12.07"]
[EventType "team-tourn"]
[EventCountry "BAN"]
[SourceTitle "playchess.com"]
[Source "ChessBase"]
[SourceQuality "1"]
[TimeControl "5400+30"]

1. e4 e6 2. d3 d5 3. Nd2 Nf6 4. Ngf3 Bc5 5. e5 Nfd7 6. d4 Be7 7. Bd3 c5 8. O-O cxd4 9. Re1 Nc6 10. a3 Qc7 11. Qe2 Nc5 12. b4 Nxd3 13. cxd3 Qb6 14. Rb1 O-O 15. Nb3 a5 16. b5 Qxb5 17. Nbxd4 Qxb1 18. Bb2 Qa2 19. Ra1 Nxd4 20. Nxd4 Qxa1+ 21. Bxa1 Bxa3 22. h4 Bd7 23. h5 h6 24. Nc2 Be7 25. f4 Rfc8 26. Bd4 a4 27. g4 a3 28. Qf2 a2 29. Kg2 Ra4 30. Na1 Bb5 31. f5 Bxd3 32. f6 Be4+ 33. Kg3 Ra3+ 0-1

[Event "S. A. Group BAN-chT 2018"]
[Site "Dhaka"]
[Date "2018.12.15"]
[Round "10"]
[White "Saiful Islam, Chowdhury"]
[Black "Mohammad Minhaz Uddin"]
[Result "0-1"]
[ECO "C21"]
[WhiteElo "2120"]
[BlackElo "2290"]
[Annotator "NA"]
[PlyCount "84"]
[EventDate "2018.12.07"]
[EventType "team-tourn"]
[EventCountry "BAN"]
[SourceTitle "playchess.com"]
[Source "ChessBase"]
[SourceQuality "1"]
[TimeControl "5400+30"]

1. e4 e5 2. d4 Nf6 3. dxe5 {[%emt 0:04:10] C21: Danish Gambit} (3. c4 g6 4. Nc3 Bg7 5. Nf3 d6 6. Be2 O-O 7. d5 a5 8. Bg5 h6 9. Bh4 g5 10. Bg3 Nh5 11. O-O Nf4 12. Nd2 Qe8 13. Rb1 f5 14. exf5 Bxf5 15. Nde4 Qg6 16. f3 Nd7 17. Rc1 h5 18. Nb5 Rac8 19. Bxf4 exf4 {0-1 (54) Poormosavi,S (2218)-Grivas,E (2468) Sharjah 2018}) 3... Nxe4 4. Qd5 Nc5 5. Be3 c6 6. Qd2 d5 7. Nc3 $146 ({Predecessor:} 7. exd6 Bxd6 8. Nc3 Nba6 9. Bxa6 Nxa6 10. O-O-O Be7 {1-0 (42) Bieri,C (2127)-Sudan,G (2086) Geneve 2001}) 7... Bf5 8. O-O-O Nbd7 9. Nf3 Ne6 10. h3 Bb4 11. a3 Ba5 12. Bd3 Bxd3 13. Qxd3 Bc7 14. Rhe1 Nxe5 15. Nxe5 Bxe5 16. f4 Bxc3 17. Qxc3 O-O 18. f5 Ng5 19. Bf4 f6 20. h4 Nf7 21. g4 Qd7 22. Re6 Rae8 23. Rde1 Nd8 24. Rd6 Rxe1+ 25. Qxe1 Qe8 26. Qf2 Rf7 27. b3 b6 28. Qg3 Re7 29. g5 Nb7 30. gxf6 Nxd6 31. Bxd6 (31. fxe7 $142 Ne4 32. Qd3) 31... Rf7 32. Be5 Qd7 33. Qg5 d4 34. h5 Qd5 35. Qg3 h6 36. Kb2 c5 37. fxg7 Rxf5 38. Bf4 Rxh5 39. Qg6 Qf7 $19 40. Qd6 Kxg7 41. Be5+ Kh7 42. Qb8 Rg5 0-1

[Event "S. A. Group BAN-chT 2018"]
[Site "Dhaka"]
[Date "2018.12.15"]
[Round "10"]
[White "Ahmed, Sk. Nasir"]
[Black "Ahmed, Shafiq"]
[Result "1-0"]
[ECO "B31"]
[WhiteElo "2119"]
[BlackElo "2165"]
[Annotator "NA"]
[PlyCount "66"]
[EventDate "2018.12.07"]
[EventType "team-tourn"]
[EventCountry "BAN"]
[SourceTitle "playchess.com"]
[Source "ChessBase"]
[SourceQuality "1"]
[TimeControl "5400+30"]

1. e4 c5 2. Nf3 Nc6 3. Bb5 g6 4. Bxc6 bxc6 5. O-O Bg7 6. c3 Ba6 7. d3 Nf6 8. Re1 O-O 9. e5 Nd5 10. c4 Nc7 11. b3 d5 12. Nc3 Bc8 13. h3 f6 14. Na4 fxe5 15. Bb2 Qd6 16. cxd5 cxd5 17. Rc1 Na6 18. Qe2 Bd7 19. Bxe5 Bxe5 20. Nxe5 Bxa4 21. bxa4 Rf4 22. Ng4 h5 23. Nh2 Rxa4 24. Qxe7 Qxe7 25. Rxe7 Rxa2 26. Nf3 Rc8 27. Rce1 Nb4 28. Rd7 Ra6 29. Ree7 Rf6 30. Ne5 Nc6 31. Rg7+ Kf8 32. Nxg6+ Ke8 33. Rxd5 Rf7 1-0

[Event "S. A. Group BAN-chT 2018"]
[Site "Dhaka"]
[Date "2018.12.15"]
[Round "10"]
[White "Ikramul, Haq Siam"]
[Black "Islam, Kh. Aminul"]
[Result "0-1"]
[ECO "B22"]
[WhiteElo "2116"]
[BlackElo "2253"]
[Annotator "NA"]
[PlyCount "138"]
[EventDate "2018.12.07"]
[EventType "team-tourn"]
[EventCountry "BAN"]
[SourceTitle "playchess.com"]
[Source "ChessBase"]
[SourceQuality "1"]
[TimeControl "5400+30"]

1. d4 e6 2. e4 c5 3. c3 d5 4. exd5 Qxd5 5. Nf3 Nc6 6. Be3 cxd4 7. Nxd4 Nxd4 {[%emt 0:03:34] B22: Sicilian: 2 c3} 8. Qxd4 Nf6 9. Nd2 Be7 10. Bc4 Qxd4 11. Bxd4 O-O 12. Nf3 Rd8 $146 ({Predecessor:} 12... b6 13. a4 Bb7 14. a5 Nd7 15. Ke2 {0-1 (33) Fatkhutdinov,G (2331)-Pleshakov,A (2094) Cheliabinsk 2011}) 13. O-O Bd7 14. Ne5 Be8 15. a4 Nd5 16. Rfe1 Bf8 17. Nd3 Nc7 18. Bc5 Rxd3 19. Bxf8 Rd2 20. Bc5 Rxb2 21. Be3 Bc6 22. Bc1 Rc2 23. Ra3 Bd5 24. Bf4 (24. Bd3 $15 Ra2 25. c4 Rxa3 26. Bxa3) 24... Bxc4 25. Bxc7 Rc8 26. Bf4 f6 27. h4 Bd5 28. Rc1 Rb2 29. Rd1 h5 30. a5 Kf7 31. Be3 a6 32. Rd2 Rb1+ 33. Kh2 Kg6 34. f3 Kf5 35. Rc2 e5 36. Rc1 Rb2 37. Kh3 Rc4 38. Raa1 Re2 39. Re1 Rxe1 40. Rxe1 Rxc3 41. Kh2 Bc6 42. Re2 Rb3 43. Bf2 Ra3 44. Be1 g5 45. hxg5 fxg5 46. Bb4 Rd3 47. Rd2 Rb3 48. Bd6 h4 49. Re2 e4 50. fxe4+ Bxe4 51. Rf2+ Kg4 52. Re2 Bc6 53. Kg1 Kh5 $19 54. Be7 Rb5 55. Bd8 g4 56. Bc7 g3 57. Re5+ Kg4 58. Rxb5 axb5 59. Bd6 h3 60. gxh3+ Kxh3 61. Bc5 Kg4 62. Kf1 Kf3 63. Bd6 g2+ 64. Kg1 Ke2 65. Bc5 Kd2 66. Kf2 Kc3 67. Ke2 b4 68. Kd1 Kb2 69. Kd2 b3 0-1

[Event "S. A. Group BAN-chT 2018"]
[Site "Dhaka"]
[Date "2018.12.16"]
[Round "11"]
[White "Sidhant, Mohapatra"]
[Black "Uddin, Saif"]
[Result "1-0"]
[ECO "B07"]
[WhiteElo "2343"]
[BlackElo "1997"]
[Annotator "NA"]
[PlyCount "45"]
[EventDate "2018.12.07"]
[EventType "team-tourn"]
[EventCountry "BAN"]
[SourceTitle "playchess.com"]
[Source "ChessBase"]
[SourceQuality "1"]
[TimeControl "5400+30"]

1. e4 d6 2. d4 Nf6 3. Nc3 g6 4. Bg5 Bg7 5. Qd2 h6 6. Bf4 c6 7. O-O-O {[%emt 0:02:04] LiveBook: 9 Games. B07: Pirc Defence: Miscellaneous Systems} (7. h3 Nfd7 8. Nf3 e5 9. Be3 Qe7 10. Rd1 a6 11. Be2 b5 12. a3 Bb7 13. O-O h5 14. Bg5 f6 {0-1 (54) Sjugirov,S (2665)-Onischuk,V (2613) Almaty 2016}) 7... Qa5 8. Kb1 Be6 {[%emt 0:02:23] [#] ...Nxe4! is the strong threat.} 9. a3 $146 {[%emt 0:01:45] White is slightly better.} ({Predecessor:} 9. f3 Na6 10. Nge2 Rc8 11. Nc1 c5 {1-0 (41) Schweiger,G (2000)-Meingast,M (2056) Bayern 2007}) 9... g5 10. Bg3 Nh5 $1 11. Nge2 Na6 12. f4 g4 $2 {[%emt 0:04:20] [#]} (12... Bg4 $11 {and Black is okay.}) 13. f5 Bd7 14. Bf2 d5 15. h3 g3 (15... dxe4 $142 16. hxg4 Nf6) 16. Nxg3 $18 Nxg3 17. Bxg3 dxe4 18. f6 {[%emt 0:00:33] White is clearly better.} ({Don't play} 18. Nxe4 $6 Qxd2 19. Rxd2 (19. Nxd2 Bxf5 20. Nb3 O-O-O $16) 19... Bxf5 $16) 18... Bxf6 19. Nxe4 Qxd2 20. Nxf6+ ({But not} 20. Nxd2 $6 Bxd4 21. Ne4 Bb6 $14) 20... exf6 21. Rxd2 Be6 22. Bh4 f5 23. Bd3 {[%emt 0:00:04] Accuracy: White = 39%, Black = 48%.} 1-0

[Event "S. A. Group BAN-chT 2018"]
[Site "Dhaka"]
[Date "2018.12.16"]
[Round "11"]
[White "Saiful Islam, Chowdhury"]
[Black "Sai Agni Jeevitesh, J."]
[Result "0-1"]
[ECO "B07"]
[WhiteElo "2120"]
[BlackElo "2336"]
[Annotator "NA"]
[PlyCount "110"]
[EventDate "2018.12.07"]
[EventType "team-tourn"]
[EventCountry "BAN"]
[SourceTitle "playchess.com"]
[Source "ChessBase"]
[SourceQuality "1"]
[TimeControl "5400+30"]

1. e4 d6 2. d4 Nf6 3. Nc3 Nbd7 4. Nge2 e5 5. f3 c6 6. Be3 Be7 7. Qd2 {[%emt 0:00:14] LiveBook: 68 Games} O-O 8. g4 b5 {[%emt 0:00:12] B07: Pirc Defence: Miscellaneous Systems} 9. Ng3 (9. g5 Ne8 10. f4 b4 11. Nd1 exf4 12. Bxf4 d5 13. exd5 cxd5 {1-0 (55) Ponkratov,P (2624)-Goganov,A (2609) Khanty-Mansiysk 2014}) 9... exd4 10. Bxd4 b4 11. Nd1 c5 12. Be3 Ne5 13. Be2 Be6 14. g5 Ne8 $146 ({Predecessor:} 14... Nfd7 15. Nf2 Nb6 16. b3 {1-0 (35) Reddmann,H (2319)-Moehrmann,M (2091) Hamburg 2005}) 15. f4 Nc4 16. Bxc4 Bxc4 17. Nf2 Nc7 18. f5 Re8 {[%emt 0:08:12] [#]} 19. Ng4 $1 Bf8 20. Kf2 (20. Qg2 $16) 20... d5 21. e5 (21. Bf4 $11) 21... d4 22. Bf4 Nd5 (22... d3 $5 23. b3 Bb5 24. cxd3 Qd7 $15) 23. Rhe1 d3 {[%emt 0:07:01] [#]} (23... Ba6 $15 {keeps the upper hand.}) 24. b3 (24. e6 $1 $16) 24... Bb5 ({But not} 24... Nxf4 $6 25. Qxf4 Bb5 26. cxd3 $14 Qd4+ 27. Qxd4 $16) 25. cxd3 Bxd3 26. h4 (26. Qxd3 $11 {remains equal.} Nxf4 27. Qxd8 Raxd8 28. Kf3) 26... Qb6 27. Kg2 Rad8 28. Nf2 Ba6 29. Nge4 Ne7 30. Qe3 Nxf5 {[%emt 0:01:24] Double Attack} 31. Qh3 Nd4 32. Kh2 Bc8 33. Qg3 Qg6 34. Rac1 $11 {[%emt 0:01:28] and White is okay.} Nf5 (34... Qh5 35. Kh1) 35. Qg4 Nd4 $2 (35... Qa6 $19 36. Qe2 Qxe2 37. Rxe2 Nxh4 38. Nxc5 Ng6) 36. h5 $2 Bxg4 37. hxg6 Bh5 ({And not} 37... hxg6 38. Nxg4 Nf3+ {[%mdl 64] Double Attack} 39. Kg2 $11) 38. gxf7+ Kxf7 39. Rf1 Kg6 40. Bg3 Be2 41. Nh3 Bxf1 42. Rxf1 Ne6 43. Nd6 Bxd6 44. exd6 Rf8 45. Re1 Nxg5 46. Nxg5 Kxg5 47. Re7 Kg6 48. Rxa7 Rf5 49. Rc7 Rd5 50. Kg2 h5 51. Kf3 Rd3+ 52. Kg2 Rd5 53. Kf3 Rf8+ 54. Ke3 Re8+ 55. Kf2 Rd2+ $19 0-1

[Event "S. A. Group BAN-chT 2018"]
[Site "Dhaka"]
[Date "2018.12.16"]
[Round "11"]
[White "Uten"]
[Black "Ikramul, Haq Siam"]
[Result "0-1"]
[ECO "C06"]
[WhiteElo "2114"]
[BlackElo "2116"]
[Annotator "NA"]
[PlyCount "86"]
[EventDate "2018.12.07"]
[EventType "team-tourn"]
[EventCountry "BAN"]
[SourceTitle "playchess.com"]
[Source "ChessBase"]
[SourceQuality "1"]
[TimeControl "5400+30"]

1. e4 e6 2. d4 d5 3. Nd2 Nf6 4. e5 Nfd7 5. Bd3 c5 6. c3 Nc6 7. Ne2 cxd4 8. cxd4 {[%emt 0:00:30] LiveBook: 5052 Games} f6 9. f4 fxe5 10. dxe5 Qb6 {[%emt 0:00:30] C06: French Tarrasch: 3...Nf6 4 e5 Nfd7 5 Bd3 main lines} (10... Nc5 11. Bb1 Bd7 12. O-O Qb6 13. Kh1 Be7 14. Nc3 O-O-O 15. a3 a5 16. b4 axb4 17. axb4 Nxb4 18. Nf3 {1-0 (28) Khairullin,I (2451)-Iljushin,A (2526) Moscow 2004}) 11. Nf3 Bb4+ 12. Kf1 Be7 13. h4 $146 ({Predecessor:} 13. a3 Nc5 14. b4 Nxd3 15. Qxd3 O-O 16. Be3 Qd8 17. h4 {½-½ (56) Chlewinski,A (1704)-Cymbala,I (1910) Lublin 2012}) 13... Nc5 14. Nc3 (14. Be3 $11 {remains equal.}) 14... Nxd3 15. Qxd3 Nb4 (15... O-O $17 16. a3 (16. Ng5 g6 $17) 16... Qa6 17. Qxa6 bxa6) 16. Qb5+ (16. Qe2 $1 $11 {remains equal.}) 16... Bd7 17. Qxb6 axb6 18. Ke2 (18. a3 $142) 18... O-O ({Black should play} 18... Nc2 $17 19. Rb1 d4) 19. a3 Rfc8 20. Bd2 Na6 21. b4 Rc4 22. Kd3 Rac8 23. Nd4 {[%emt 0:00:30] [#]} (23. h5 $11) 23... Bxb4 $1 24. axb4 Nxb4+ 25. Ke3 Rxd4 26. Kxd4 Rc4+ 27. Ke3 d4+ 28. Ke2 dxc3 29. Be3 Re4 30. Rhd1 (30. Ra8+ $17 {was necessary.} Kf7 31. Rd8 Bb5+ 32. Kf3) 30... Nd5 {[%emt 0:00:30] Double Attack} 31. Rxd5 $2 (31. Kf2 {was the crucial defense.}) 31... exd5 32. Kf3 {[%emt 0:00:30] [#]} Bg4+ $1 33. Kxg4 Rxe3 34. Ra8+ Kf7 35. Rb8 {[%emt 0:00:30] [#]} h5+ $1 36. Kg5 Rg3+ 37. Kxh5 c2 $19 38. Rxb7+ Ke6 39. Rc7 Rxg2 40. Rc6+ Kf5 41. e6 Rg6 42. e7 Rxc6 43. e8=Q Rh6# 0-1

[Event "S. A. Group BAN-chT 2018"]
[Site "Dhaka"]
[Date "2018.12.16"]
[Round "11"]
[White "Chowdhury, Sohel"]
[Black "Rahman, Saimon Siddiqur"]
[Result "1-0"]
[ECO "C01"]
[WhiteElo "2012"]
[BlackElo "1996"]
[Annotator "NA"]
[PlyCount "98"]
[EventDate "2018.12.07"]
[EventType "team-tourn"]
[EventCountry "BAN"]
[SourceTitle "playchess.com"]
[Source "ChessBase"]
[SourceQuality "1"]
[TimeControl "5400+30"]

1. e4 e6 2. d4 d5 3. exd5 exd5 4. Bd3 Nf6 5. Nf3 Bg4 {[%emt 0:00:30] LiveBook: 145 Games} 6. O-O Be7 7. h3 Bh5 {[%emt 0:00:30] C01: French: Exchange Variation} 8. Re1 O-O 9. Be3 (9. Bg5 Nbd7 10. c3 Re8 11. Nbd2 c6 12. Qc2 Bg6 13. Bxg6 hxg6 14. Re3 Bd6 15. Rxe8+ Qxe8 {0-1 (60) Hansen,E (2629)-Erenburg,S (2564) chess.com INT 2018}) 9... c6 10. Nbd2 Nbd7 $146 ({Predecessor:} 10... Bd6 11. c4 Re8 12. c5 Bc7 13. Qb3 Qc8 14. Nh4 {0-1 (66) Mihelic,V-Wagner,L (1626) Mureck 2014}) 11. c3 Re8 12. Qc2 Bg6 13. Bxg6 hxg6 14. Ne5 Bd6 15. f4 Qc7 16. Rac1 Nf8 17. a3 b5 18. Qd3 Ne4 (18... a5 $15 {stays ahead.}) 19. Nxe4 dxe4 20. Qxe4 f6 (20... g5 $16) 21. Qxc6 fxe5 22. Qd5+ {[%emt 0:00:30] Double Attack} Kh7 23. fxe5 Be7 24. Qxb5 Rab8 25. Qe2 Rb3 26. Rc2 Reb8 (26... Qb7 $142 27. Rf1 Qe4) 27. Bc1 Ne6 28. Rf1 Bg5 29. Bxg5 Nxg5 30. Qg4 Qe7 31. Rff2 Nf7 32. Qe2 Nh6 33. Qd2 Nf5 34. Qf4 Qe6 35. Rcd2 Rd8 36. Qe4 Kg8 37. Kh2 Ne7 38. Qh4 Rdb8 39. Qe4 Rd8 40. Qh4 Rdb8 41. Rde2 Re8 42. Qe4 Rd8 43. Rd2 Rbb8 44. Qe2 Rbc8 45. Rd3 Nf5 46. Qg4 Rf8 47. Rg3 (47. Qe4 $142) 47... Rc6 48. Rgf3 Rb6 49. Qe4 Rd8 $16 1-0

[Event "S. A. Group BAN-chT 2018"]
[Site "Dhaka"]
[Date "2018.12.16"]
[Round "11"]
[White "Zia, Tahsin Tajwar"]
[Black "Khan, Jewel"]
[Result "1-0"]
[ECO "D02"]
[WhiteElo "1925"]
[BlackElo "1957"]
[Annotator "NA"]
[PlyCount "79"]
[EventDate "2018.12.07"]
[EventType "team-tourn"]
[EventCountry "BAN"]
[SourceTitle "playchess.com"]
[Source "ChessBase"]
[SourceQuality "1"]
[TimeControl "5400+30"]

1. Nf3 d5 2. d4 Nf6 3. Bf4 e6 4. e3 Bd6 5. Bg3 O-O 6. Nbd2 Qe7 {[%emt 0:01:54] D02: 1 d4 d5 2 Nf3 sidelines, including 2...Nf6 3 g3 and 2...Nf6 3 Bf4} (6... b6 7. c3 Ba6 8. Bxa6 Nxa6 9. Ne5 Nb8 10. f4 c5 11. Bh4 Be7 12. O-O Nfd7 13. Bxe7 Qxe7 14. Rf3 Nxe5 15. fxe5 {1-0 (29) Aronian,L (2767)-Giri,A (2782) chess.com INT 2018}) 7. Bd3 Nbd7 8. Ne5 Re8 9. f4 Nf8 10. Qf3 $146 ({Predecessor:} 10. O-O N6d7 11. e4 c5 12. Nxd7 Bxd7 13. e5 Bc7 14. Qg4 {½-½ (37) Bala,K (2264)-Kovacevic,S (2167) Novi Sad 2017}) 10... c6 11. Bf2 N6d7 12. g4 f6 13. Nxd7 Bxd7 14. O-O-O e5 15. fxe5 fxe5 16. e4 Be6 17. Kb1 Ng6 18. exd5 Rf8 19. Qe3 Bxd5 20. Rhe1 exd4 21. Qxe7 Nxe7 22. Bxd4 Ng6 23. c4 Bf7 24. Bg1 Bb4 25. a3 Rad8 26. Kc2 $1 Nf4 27. Bf5 Rxd2+ 28. Rxd2 Bxd2 29. Kxd2 g6 30. Rf1 Rd8+ 31. Kc2 Ne2 32. Bd3 Nd4+ 33. Kc3 c5 34. Be3 b6 35. Rf6 Kg7 36. g5 h6 37. h4 hxg5 38. Bxg5 Rd7 39. Rf4 Kg8 40. Bf6 $16 1-0